Selects Armored Support Battlegroup
Selects Armored Support Battlegroup
Construct Light Support Kompanie
Construct Mechanized Kompanie
Selects Superior Fire Drills
Panzerjäger Mechanized Group
Marder III Tank Destroyer
Marder III Tank Destroyer
Selects Flammpanzer III Medium Tank
Flammpanzer III Medium Tank
Flammpanzer III Medium Tank
Marder III Tank Destroyer
Marder III Tank Destroyer
Flammpanzer III Medium Tank
Marder III Tank Destroyer
Marder III Tank Destroyer
Marder III Tank Destroyer
Selects Stuka Anti-tank Loiter
Marder III Tank Destroyer
Flammpanzer III Medium Tank
Flammpanzer III Medium Tank
Selects Battlefield Salvage
Flammpanzer III Medium Tank
Flammpanzer III Medium Tank
Flammpanzer III Medium Tank
Marder III Tank Destroyer
Marder III Tank Destroyer
Marder III Tank Destroyer